 Dungeon Crawl Stone Soup version 0.28-b1-70-g80dc712255 (webtiles) character file.

Game seed: 15308042466866441958

135 BeingJoeMalik the Cudgeller (level 5, -4/27 HPs)
             Began as a Vine Stalker Fighter on Feb 3, 2022.
             Slain by Grinder (6 damage)
             ... on level 3 of the Dungeon.
             The game lasted 00:03:51 (2018 turns).

BeingJoeMalik the Cudgeller (Vine Stalker Fighter)  Turns: 2018, Time: 00:03:52

Health: -4/27      AC:  6    Str: 17 (20) XL:     5   Next: 18%
Magic:  0/6        EV:  9    Int:  5 (8)  God:
Gold:   66         SH:  0    Dex: 13 (14) Spells: 4/4 levels left

rFire   . . .      SeeInvis .   a - +1 flail
rCold   . . .      Faith    +   (no shield)
rNeg    . . .      Spirit   +   b - +0 scale mail
rPois   .          Reflect  .   (no helmet)
rElec   .          Harm     .   (no cloak)
rCorr   .          Rampage  .   (no gloves)
Will    .....                   (no boots)
Stlth   ..........              f - amulet of faith
HPRegen 0.89/turn               (no ring)
MPRegen 0.10/turn               (no ring)

@: brilliant, attractive
A: fangs 2, regeneration 1, magic shield, antimagic bite, no potion heal 2
a: no special abilities


You were on level 3 of the Dungeon.
You visited 1 branch of the dungeon, and saw 3 of its levels.

You collected 66 gold pieces.

Inventory:

Hand Weapons
 a - a +1 flail (weapon)
Missiles
 j - 3 poisoned darts (quivered)
Armour
 b - a +0 scale mail (worn)
 c - a +0 buckler
Jewellery
 f - an amulet of faith (around neck)
Scrolls
 d - 3 scrolls of enchant weapon
 k - a scroll of noise {unknown}
Potions
 e - a potion of brilliance
 h - a potion of heal wounds


   Skills:
 - Level 2.6 Fighting
 + Level 4.7 Maces & Flails
 - Level 2.4 Armour
 - Level 2.6 Shields


You had 4 spell levels left.
You didn't know any spells.
Your spell library contained the following spells:

 Spells                   Type           Power      Damage    Failure   Level
 Animate Skeleton         Necr           0%         N/A       87%         1
 Pain                     Necr           0%         1d4       87%         1
 Static Discharge         Conj/Air       0%         N/A       95%         2
 Vampiric Draining        Necr           0%         2d6       99%         3
 Lightning Bolt           Conj/Air       0%         1d11      100%        5
 Maxwell's Capacitive Co  Air            0%         ∞         100%        8


Dungeon Overview and Level Annotations

Branches:
Dungeon (3/15)

Altars:
Elyvilon

Annotations:
D:3 Grinder


Innate Abilities, Weirdness & Mutations

You have extremely sharp teeth.
Your natural rate of healing is unusually fast.
When hurt, damage is shared between your health and your magic reserves.
Your bite disrupts and absorbs the magic of your enemies.
Potions cannot restore your health.


Message History

You feel weakened.
You feel dopey.
You feel clumsy.
It was a potion of attraction.
You feel attractive to monsters. Grinder is attracted toward you.
You hit Grinder. Your bite misses Grinder.
Grinder is lightly wounded.
Grinder hits you.
You writhe in agony.
Grinder hits you!
You writhe in agony.
You hit Grinder. You bite Grinder.
Grinder's magic leaks into the air.
You drain her magic.
You feel invigorated.
Grinder is moderately wounded.
Grinder gestures at you. Pain shoots through your body!
You barely miss Grinder.
Grinder is moderately wounded.
Grinder hits you but does no damage.
Okay, then.
You hit Grinder but do no damage. Your bite misses Grinder.
Grinder is moderately wounded.
Grinder drinks a potion.
Grinder seems to grow stronger.
You hit Grinder but do no damage. Your bite misses Grinder.
Grinder is moderately wounded.
Grinder closely misses you.
You closely miss Grinder.
Grinder is moderately wounded.
Grinder hits you.
You barely miss Grinder.
Grinder is moderately wounded.
Grinder misses you. Grinder hits you.
You writhe in agony.
You hit Grinder. Your bite misses Grinder.
Grinder is moderately wounded.
Grinder's magic is no longer disrupted.
Grinder hits you.
You writhe in agony.
You barely miss Grinder.
Grinder is moderately wounded.
Grinder hits you!
* * * LOW HITPOINT WARNING * * *
You sock Grinder! You bite Grinder.
Grinder's magic leaks into the air.
You drain her magic.
You feel invigorated.
Grinder is severely wounded.
Grinder hits you!
You die...

###...†######.# ###
....P.........# ....
...P≈≈P..#.#####...
.#..P...<#.#<..... .
#+......#....#.#+# ..
##..⌠.........#.####...
##.....#####.###.....###
#........)...##.........
........#####.@5........#
......... #.##........#
......### #.##........#
...... #.##.!......#
...... #.##........#
###### #.##........#
#...$.####### #####.#


You could see Grinder (strong, magic disrupted).

Vanquished Creatures
  Natasha (thrice) (D:2)
  3 adders
  A worm (D:2)
  A dart slug (D:2)
  An orc (D:3)
  A ball python (D:1)
  5 endoplasms
  A giant cockroach (D:2)
  2 goblins (D:1)
  3 jackals (D:2)
  4 kobolds
  2 bats
  2 frilled lizards
  5 rats
34 creatures vanquished.

Notes
Turn   | Place    | Note
-------+----------+-------------------------------------------
     0 | D:1      | BeingJoeMalik the Vine Stalker Fighter began the quest for
                  | the Orb.
     0 | D:1      | Reached XP level 1. HP: 11/11 MP: 2/2
   194 | D:1      | Reached skill level 2 in Maces & Flails
   673 | D:1      | Reached XP level 2. HP: 16/16 MP: 3/3
  1037 | D:2      | Noticed Natasha
  1048 | D:2      | Killed Natasha
  1049 | D:2      | Reached skill level 3 in Maces & Flails
  1049 | D:2      | Reached XP level 3. HP: 4/19 MP: 0/4
  1532 | D:2      | Noticed Natasha
  1588 | D:2      | Killed Natasha
  1589 | D:2      | Reached skill level 4 in Maces & Flails
  1589 | D:2      | Gained mutation: Your natural rate of healing is unusually
                  | fast. [Vine Stalker growth]
  1589 | D:2      | Reached XP level 4. HP: 12/23 MP: 2/5
  1672 | D:2      | Found a white marble altar of Elyvilon.
  1838 | D:2      | Noticed Natasha
  1845 | D:2      | Killed Natasha
  1846 | D:2      | Reached XP level 5. HP: 25/27 MP: 6/6
  1998 | D:3      | Noticed Grinder
  2017 | D:3      | HP: 1/27 [Grinder (12)]
  2018 | D:3      | Slain by Grinder

Illustrated notes

Levels and vault maps discovered:
D:1:      minmay_arrival_checkered_box, layout_basic, minmay_liquid_box,
          wad_woods_river_04
D:2:      layout_basic, basic_altar, uniq_natasha
D:3:      layout_basic, tso_oasis_becter, uniq_jessica, uniq_crazy_yiuf_cottage,
          uniq_grinder

Skill      XL: |  1  2  3 |
---------------+----------+-----
Maces & Flails | 2 3 4 |  4.7
Fighting       | |  2.6
Armour         | |  2.4
Shields        | |  2.6

Action                   |  1- 3 |  4- 6 || total
-------------------------+-------+-------++-------
Melee: Flail             |    55 |    45 ||   100
       Bite              |    16 |    13 ||    29
       Punch             |     1 |       ||     1
  Use: Potion            |     1 |     4 ||     5
       Scroll            |       |     1 ||     1
Armor: Scale mail        |    29 |    14 ||    43
Dodge: Dodged            |    30 |    19 ||    49
